 Dungeon Crawl Stone Soup version 0.24-a0-441-g27f0392e16 (webtiles) character file.

Game seed: 16341347356230203172

1489 Murumi the Shield-Bearer (level 9, -1/68 HPs)
             Began as a Formicid Fighter on June 19, 2019.
             Was a Follower of Okawaru.
             Slain by Harold
             ... wielding a +0 hand axe
              (12 damage)
             ... on level 7 of the Dungeon.
             The game lasted 00:26:35 (5633 turns).

Murumi the Shield-Bearer (Formicid Fighter)         Turns: 5633, Time: 00:26:35

Health: -1/68      AC:  9    Str: 28    XL:     9   Next: 7%
Magic:  13/13      EV: 12    Int:  9    God:    Okawaru [*.....]
Gold:   269        SH:  5    Dex: 10    Spells: 8/8 levels left

rFire    . . .     SeeInvis +   a - +1 long sword
rCold    . . .     Gourm    .   y - +0 buckler
rNeg     . . .     Faith    .   s - +0 chain mail
rPois    +         Spirit   .   (helmet unavailable)
rElec    .         Reflect  .   j - scarf {repulsion}
rCorr    .         Harm     .   (no gloves)
MR       .....                  (no boots)
Stlth    ..........             (no amulet)
HPRegen  0.21/turn              r - +3 ring of evasion
MPRegen  0.13/turn              l - ring of poison resistance

@: mighty, repel missiles
A: permanent stasis, dig shafts and tunnels, four strong arms, antennae 3
a: Dig, Shaft Self, Heroism, Renounce Religion


You were on level 7 of the Dungeon.
You worshipped Okawaru.
Okawaru was aware of your devotion.
You were near starving.

You visited 2 branches of the dungeon, and saw 8 of its levels.

You collected 269 gold pieces.

Inventory:

Hand Weapons
 a - a +1 long sword (weapon)
Missiles
 e - 38 poisoned darts
 i - 159 stones
 o - 7 curare-tipped darts (quivered)
 p - 8 silver boomerangs
 u - 5 boomerangs
Armour
 c - a +0 shield
 j - a scarf of repulsion (worn)
 s - a +0 chain mail (worn)
 y - a +0 buckler (worn)
Jewellery
 k - a +3 ring of protection
 l - a ring of poison resistance (right hand)
 r - a +3 ring of evasion (left hand)
 t - an uncursed ring of flight
Wands
 w - a wand of flame (10)
 x - a wand of acid (9)
Scrolls
 v - a scroll of amnesia
Potions
 b - a potion of resistance {unknown}
 g - 3 potions of brilliance
 h - 2 potions of flight
 m - 3 potions of agility {unknown}
 n - a potion of heal wounds {unknown}
 q - 2 potions of mutation {unknown}
 z - a potion of invisibility {unknown}
Comestibles
 f - 13 rations


   Skills:
 - Level 5.0 Fighting
 - Level 4.0 Long Blades
 - Level 5.0 Armour
 - Level 2.4 Dodging
 - Level 7.0 Shields
 + Level 6.6 Invocations
 - Level 3.0 Evocations


You had 8 spell levels left.
You didn't know any spells.
Your spell library contained the following spells:

 Spells                   Type           Power        Failure   Level  Hunger
 Animate Skeleton         Necr           N/A          91%         1    ##.....
 Apportation              Tloc           #.....       91%         1    ##.....
 Confusing Touch          Hex            #.....       91%         1    ##.....
 Summon Small Mammal      Summ           #...         91%         1    ##.....


Dungeon Overview and Level Annotations

Branches:
Dungeon (7/15)             Temple (1/1) D:5

Altars:
Ashenzari
Cheibriados
Dithmenos
Elyvilon
Fedhas
Gozag
Hepliaklqana
Kikubaaqudgha
Makhleb
Nemelex Xobeh
Okawaru
Qazlal
Ru
Sif Muna
Trog
Uskayaw
Vehumet
Wu Jian
Xom
Yredelemnul
Zin
The Shining One

Annotations:
D:7 Harold


Innate Abilities, Weirdness & Mutations

You cannot be hasted, slowed, berserked, paralysed or teleported.
You can dig through walls and to a lower floor.
Your four strong arms can wield two-handed weapons with a shield.
You have a pair of large antennae on your head. (SInv)


Message History

Harold is heavily wounded.
A worker ant comes into view.
The worker ant twitches its antennae in your direction.
You hit Harold.
Harold is heavily wounded.
Harold hits you with a +0 hand axe!
* * * LOW HITPOINT WARNING * * *
You hit Harold.
Harold is heavily wounded.
Harold hits you with a +0 hand axe!
* * * LOW HITPOINT WARNING * * *
The crimson imp blinks!
Okay, then.
You slash Harold!
Harold is severely wounded.
Harold is no longer moving slowly.
Harold barely misses you.
You hit Harold.
Harold is severely wounded.
Harold looks more healthy.
Harold hits you with a +0 hand axe!
You die...

.. ...... .......
...... .#...
...### #.
.a..##...>
#K#.5..... ##@o#
#.... #@#o##..)..
.######........
.........##.... #
.#######.# .. .5.
#.#
#.(.######.###{###
#5.)<...........
#.....{...##....
.........(>...# ..


You could see Harold, a worker ant, a crimson imp, an orc (wandering) and a
kobold.

Vanquished Creatures
  A hippogriff (D:7)
  The ghost of kumiokru the Sneak, an amateur SpAs of Dithmenos (D:4)
  A sky beast (D:6)
  An ice beast (D:7)
  An ogre (D:4)
  3 bullfrogs
  A scorpion (D:2)
  6 orc wizards
  5 orc priests
  A centaur skeleton (D:4)
  3 worker ants
  A hound zombie (D:5)
  A hound skeleton (D:5)
  10 adders
  A shadow imp (D:7)
  2 oozes
  An adder skeleton (D:6)
  2 worms
  2 dart slugs (D:1)
  4 leopard geckos
  27 orcs
  4 bats
  3 giant cockroaches (D:1)
  10 goblins
  11 hobgoblins
  4 jackals
  12 kobolds
  2 quokkas
  5 frilled lizards
  A quokka skeleton (D:5)
  4 rats
131 creatures vanquished.

Notes
Turn   | Place    | Note
-------+----------+-------------------------------------------
     0 | D:1      | Murumi the Formicid Fighter began the quest for the Orb.
     0 | D:1      | Reached XP level 1. HP: 18/18 MP: 1/1
    52 | D:1      | Reached skill level 1 in Dodging
    64 | D:1      | Reached XP level 2. HP: 22/24 MP: 2/2
    80 | D:1      | Reached skill level 4 in Shields
   323 | D:1      | Reached XP level 3. HP: 21/29 MP: 3/3
   533 | D:1      | You fall into a shaft and drop 1 floor!
  1130 | D:2      | Reached XP level 4. HP: 37/37 MP: 4/4
  1658 | D:2      | Reached XP level 5. HP: 13/42 MP: 5/5
  2315 | D:3      | Reached skill level 5 in Shields
  2347 | D:3      | Reached XP level 6. HP: 45/48 MP: 6/6
  2664 | D:4      | Found a runed translucent door.
  2864 | D:4      | Noticed an ogre
  2879 | D:4      | Reached skill level 1 in Evocations
  2883 | D:4      | Killed an ogre
  2883 | D:4      | Reached XP level 7. HP: 36/54 MP: 6/9
  3223 | D:4      | Reached skill level 5 in Fighting
  3298 | D:4      | Reached skill level 5 in Armour
  3600 | D:4      | Found a snail-covered altar of Cheibriados.
  3701 | D:4      | Noticed kumiokru's ghost (amateur SpAs)
  3801 | D:4      | Killed kumiokru's ghost
  3801 | D:4      | Reached skill level 6 in Shields
  3801 | D:4      | Reached XP level 8. HP: 53/62 MP: 10/10
  3847 | D:5      | Entered Level 5 of the Dungeon
  4138 | D:5      | Reached skill level 7 in Shields
  4304 | D:5      | Found a staircase to the Ecumenical Temple.
  4319 | Temple   | Entered the Ecumenical Temple
  4439 | Temple   | Became a worshipper of Warmaster Okawaru
  4692 | D:6      | Reached skill level 1 in Invocations
  5579 | D:7      | Noticed a hippogriff
  5596 | D:7      | Killed a hippogriff
  5596 | D:7      | Reached * piety under Okawaru
  5596 | D:7      | Reached XP level 9. HP: 43/68 MP: 11/13
  5620 | D:7      | Noticed Harold
  5633 | D:7      | Slain by Harold

Levels and vault maps discovered:
D:1:      erik_arrival_cave_to_civilisation [erik_arrival_cave_to_hall],
          layout_loops_ring
D:2:      layout_loops_cross, first_ration, roderic_roman_lattice
D:3:      layout_rooms
D:4:      layout_rooms, marbit_many_paths, ebering_ghost_sewer_d,
          minmay_misc_feat_tiny
D:5:      layout_rooms, minmay_temple_entry_fiery
D:6:      layout_basic
D:7:      layout_rooms, grunt_ogre_cave, uniq_harold
Temple:   compressed_dpeg_circular_temple

Skill      XL: |  1  2  3  4  5  6  7  8 |
---------------+-------------------------+-----
Dodging        | 1 2 |  2.4
Shields        | 4 5 6 7 |  7.0
Long Blades    | 3 4 |  4.0
Fighting       | 4 5 |  5.0
Armour         | 4 5 |  5.0
Evocations     | 3 |  3.0
Invocations    | 6 |  6.6

Action                   |  1- 3 |  4- 6 |  7- 9 || total
-------------------------+-------+-------+-------++-------
Melee: Long sword        |    82 |   176 |   362 ||   620
Throw: Stone             |    30 |    97 |    84 ||   211
       Dart              |       |     1 |     1 ||     2
 Abil: Dig               |       |     1 |     6 ||     7
  Use: Scroll            |     4 |     2 |     3 ||     9
       Potion            |       |       |     1 ||     1
  Eat: Chunk             |     1 |     6 |     5 ||    12
       Ration            |       |       |     1 ||     1
Armor: Scale mail        |    24 |     2 |       ||    26
       Chain mail        |       |    45 |   120 ||   165
Dodge: Dodged            |    24 |    67 |   122 ||   213
       Deflected         |     1 |     6 |     5 ||    12
Block: Shield            |    39 |    75 |   140 ||   254
       Buckler           |       |       |    15 ||    15
       Rpst.: Long sword |    11 |    19 |    39 ||    69

Table legend:
 A = Non-vault XP
 B = Vault XP
 C = Vault XP percentage of total XP
 D = Non-vault monster count
 E = Vault monster count
 F = Vault count percentage of total count
                 A         B        C        D         E       F
            +---------+---------+-------+---------+---------+-------
      Total |    1857 |     271 |  12.7 |     126 |       5 |   3.8
            +---------+---------+-------+---------+---------+-------
        D:1 |      54 |       0 |   0.0 |      27 |       0 |   0.0
        D:2 |     113 |       0 |   0.0 |      12 |       0 |   0.0
        D:3 |     146 |       0 |   0.0 |      22 |       0 |   0.0
        D:4 |     521 |     271 |  34.2 |      34 |       5 |  12.8
        D:5 |     110 |       0 |   0.0 |       8 |       0 |   0.0
        D:6 |     515 |       0 |   0.0 |      13 |       0 |   0.0
        D:7 |     398 |       0 |   0.0 |      10 |       0 |   0.0
            +---------+---------+-------+---------+---------+-------
